 Dungeon Sprint DCSS version 0.31-a0-1612-g4aaf141004 (webtiles) character file.

Game seed: 2539331238645667501

2265 Conn the Destroyer (level 9, -2/51 HPs)
             Began as an Octopode Fire Elementalist on Jan 9, 2024.
             Was a Priest of Sif Muna.
             Slain by a deep troll (11 damage)
             ... in the Dungeon (Sprint II: "The Violet Keep of Menkaure").
             The game lasted 00:05:59 (1003 turns).

Conn the Destroyer (Octopode Fire Elementalist)     Turns: 1003, Time: 00:06:00

Health: -2/51      AC:  1    Str:  7    XL:     9   Next: 38%
Magic:  10/21      EV: 16    Int: 21    God:    Sif Muna [***...]
Gold:   759        SH:  0    Dex: 13    Spells: 15/25 levels left

rFire   . . .        p - +0 short sword
rCold   . . .        (no shield)
rNeg    . . .        (helmet restricted)
rPois   .            (no amulet)
rElec   .            (no ring)
rCorr   .            (no ring)
SInv    .            (no ring)
Will    .....        (no ring)
Stlth   +++++        (no ring)
HPRegen 0.28/turn    (no ring)
MPRegen 0.17/turn    (no ring)
                     (no ring)

%: no teleportation
@: no status effects
A: almost no armour, amphibious, 8 rings, camouflage 1, gelatinous body 1,
nimble swimmer 1, tentacles
a: Renounce Religion, Channel Magic, Forget Spell


You were in the Dungeon.
You worshipped Sif Muna.
Sif Muna was most pleased with you.
You visited 1 branch You collected 759 gold pieces.

Inventory:

Hand Weapons
 p - a +0 short sword (weapon)
Missiles
 d - a throwing net
 o - 4 poisoned darts
Jewellery
 m - an amulet of faith
Scrolls
 f - 2 scrolls of blinking
 i - 2 scrolls of fog
 k - a scroll of enchant weapon
 l - a scroll of fear
Potions
 a - 6 potions of magic
 b - 3 potions of curing
 c - a potion of heal wounds
 e - 3 potions of resistance
 g - 2 potions of might
 h - 3 potions of enlightenment
 n - a potion of ambrosia


   Skills:
 + Level 8.8 Dodging
 - Level 4.3 Stealth
 - Level 1.1 Unarmed Combat
 + Level 8.9 Spellcasting
 * Level 11.9 Conjurations
 + Level 6.1 Hexes
 + Level 10.2 Fire Magic


You had 15 spell levels left.
You knew the following spells:

 Your Spells              Type           Power      Damage    Failure   Level
a - Foxfire               Conj/Fire      100%       2x1d9     1%          1
b - Scorch                Fire           100%       2d9       1%          2
c - Inner Flame           Hex/Fire       43%        N/A       1%          3
d - Flame Wave            Conj/Fire      54%        2d13      1%          4

Your spell library contained the following spells:

 Spells                   Type           Power      Damage    Failure   Level
 Volatile Blastmotes      Fire/Tloc      60%        2d15      2%          3


Dungeon Overview and Level Annotations

Branches:
Dungeon (1/1)

Altars:
Cheibriados
Dithmenos
Elyvilon
Fedhas
Gozag
Hepliaklqana
Kikubaaqudgha
Makhleb
Nemelex Xobeh
Okawaru
Qazlal
Ru
Sif Muna
Trog
Uskayaw
Vehumet
Wu Jian
Xom
Yredelemnul
Zin
The Shining One
Jiyva
Lugonu

Shops:
D [*=!((*(!:

Annotations:
D exclusion: orange crystal statue


Innate Abilities, Weirdness & Mutations

You cannot wear most types of armour.
You are amphibious.
You can wear up to eight rings at the same time.
Your skin changes colour to match your surroundings (Stealth+).
Your rubbery body absorbs attacks. (AC +1, EV +1)
You are camouflaged when in or above water. (Stealth+)
You have tentacles for arms and can constrict up to eight enemies at once.


Message History

The neqoxec is heavily wounded.
The neqoxec's fire resistance burns away.
The neqoxec is engulfed in a cloud of scalding steam.
Unknown command.
Casting: Scorch (safe; 1% risk of failure)
Confirm with . or Enter, or press ? or * to list all spells.
Flames lash the neqoxec.
The neqoxec is burned terribly!
The neqoxec is almost dead.
The neqoxec is engulfed in a cloud of scalding steam.
You kill the neqoxec!
Sif Muna accepts your kill.
You can now freely open your mind to new spells.
Unknown command.
Unknown command.
Casting: Scorch (safe; 1% risk of failure)
Confirm with . or Enter, or press ? or * to list all spells.
Flames lash the deep troll.
The deep troll is lightly wounded.
The deep troll's fire resistance burns away.
Unknown command.
Casting: Scorch (safe; 1% risk of failure)
Confirm with . or Enter, or press ? or * to list all spells.
Casting: Flame Wave (dangerous; 1% risk of failure)
Press: ? - help, Dir - look around, f - activate A wave of flame ripples out!
The flame wave engulfs the deep troll!
The deep troll is burned terribly!
The deep troll is moderately wounded. (Press . to intensify the flame waves.)
The deep troll is engulfed in a cloud of scalding steam.
The deep troll bites you. The deep troll claws you!! The deep troll claws you.
Unknown command.
A wave of flame ripples out!
The flame wave engulfs the deep troll!!
The deep troll is burned terribly!
The deep troll is severely wounded.
The deep troll is engulfed in a cloud of scalding steam.
The deep troll bites you!
* * * LOW HITPOINT WARNING * * *
The deep troll claws you but does no damage.
The deep troll claws you!
You die...

.. #}%▓...[...)▓▓ .####
+.####°:▓..(..().▓▓ ...#
...####▓.(...[..▓▓ #..##
#..##.#▓.(....[(▓▓ # 3##..#
+.^#†.#▓......).▓▓ ##3# #..#
#..#†)#▓.[...(..▓▓ .+$#
+..####.^##.#▓[[....(.▓▓
##.3##§...###.^.##▓▓▓▓▓▓▓'▓▓▓▓+▓
# 3##.§....~~§T@§§~~~~~§...≈≈≈▓
###§~.....§#'########'###.≈≈≈▓
#~~~~~~~..~#_._._...#~~~##≈≈≈▓
##~~§§~§~~.~#._._._._#~~≈≈####▓▓
##~~~≈§≈§§§~~#_._._._.#~~~~§##..#
~~~~~§§≈≈§~~§#._._._._#§~§§§§#..#
+++#~≈§≈≈§§§§#.._._._.#§~~~§≈'..+
≈≈ ##§§≈###§§#..._._._#~~§~§§#.§#
≈≈≈≈##≈≈# #≈≈#...._._.#§~≈≈≈≈▓..#


You could see a deep troll (combustible).

Vanquished Creatures
  A deep troll (D)
  A yaktaur (D)
  3 polar bears (D)
  A hornet (D)
  A neqoxec (D)
  Menkaure (D)
  4 crocodiles (D)
  4 necrophages (D)
16 creatures vanquished.

Vanquished Creatures (others)
  62 foxfires (D)
  4 tentacles (D)
66 creatures vanquished.

Grand Total: 82 creatures vanquished

Notes
Turn   | Place    | Note
-------+----------+-------------------------------------------
     0 | D        | Conn the Octopode Fire Elementalist began the quest for the
                  | Orb.
     0 | D        | Reached XP level 1. HP: 11/11 MP: 3/3
     2 | D        | Noticed a necrophage
     2 | D        | Noticed a necrophage
     2 | D        | Noticed a necrophage
     2 | D        | Noticed a necrophage
    11 | D        | Killed a necrophage
    12 | D        | Reached skill level 3 in Conjurations
    12 | D        | Reached skill level 5 in Fire Magic
    12 | D        | Reached XP level 2. HP: 17/17 MP: 0/7
    12 | D        | Reached XP level 3. HP: 21/21 MP: 0/8
    12 | D        | Reached XP level 4. HP: 27/27 MP: 0/10
    15 | D        | Killed a necrophage
    16 | D        | Reached skill level 1 in Unarmed Combat
    16 | D        | Reached XP level 5. HP: 31/31 MP: 0/12
    21 | D        | Reached skill level 5 in Spellcasting
    21 | D        | Reached skill level 5 in Conjurations
    27 | D        | Learned a level 2 spell: Scorch
    32 | D        | Reached skill level 6 in Conjurations
    32 | D        | Reached XP level 6. HP: 17/36 MP: 5/14
    40 | D        | Learned a level 3 spell: Inner Flame
    45 | D        | Learned a level 4 spell: Flame Wave
    51 | D        | Noticed a neqoxec
    51 | D        | Noticed a neqoxec
    51 | D        | Noticed a neqoxec
    51 | D        | Noticed a neqoxec
    59 | D        | Found Acidi's Antique Weapon Emporium.
    59 | D        | Found Nuoluure's Weapon Emporium.
    59 | D        | Found Yxaagh's Jewellery Shoppe.
    59 | D        | Found Emosad's Book Emporium.
    59 | D        | Found Pacim's Weapon Shoppe.
    59 | D        | Found Hibri's Assorted Antiques.
    59 | D        | Found Rerogaot's Distillery.
    60 | D        | Found Innah's Distillery.
    60 | D        | Found Xunged's Assorted Antiques.
    61 | D        | Found Legil's Antique Armour Emporium.
    61 | D        | Noticed Menkaure
    61 | D        | Noticed a wyvern
    65 | D        | Killed Menkaure
    65 | D        | Noticed a wyvern
    66 | D        | Reached skill level 5 in Dodging
    66 | D        | Reached skill level 7 in Conjurations
    74 | D        | Noticed an orange crystal statue
    85 | D        | Found an iron altar of Okawaru.
    85 | D        | Found an opulent altar of Gozag.
    87 | D        | Found a sparkling altar of Nemelex Xobeh.
    87 | D        | Found a blossoming altar of Fedhas.
    88 | D        | Found a radiant altar of Vehumet.
    88 | D        | Found a burning altar of Makhleb.
    88 | D        | Found a white marble altar of Elyvilon.
    89 | D        | Found a hide-covered altar of Uskayaw.
    89 | D        | Found a corrupted altar of Lugonu.
    89 | D        | Found a shadowy altar of Dithmenos.
    90 | D        | Found a glowing silver altar of Zin.
    90 | D        | Found a bloodstained altar of Trog.
    90 | D        | Found an ancient bone altar of Kikubaaqudgha.
    91 | D        | Found a basalt altar of Yredelemnul.
    91 | D        | Found a shimmering blue altar of Sif Muna.
    91 | D        | Found a viscous altar of Jiyva.
    92 | D        | Found a shimmering altar of Xom.
    92 | D        | Found a sacrificial altar of Ru.
    94 | D        | Found a glowing golden altar of the Shining One.
    94 | D        | Found an ornate altar of the Wu Jian Council.
    94 | D        | Found a stormy altar of Qazlal.
    94 | D        | Found a snail-covered altar of Cheibriados.
    94 | D        | Found a hazy altar of Hepliaklqana.
   100 | D        | Became a worshipper of Sif Muna the Loreminder
   113 | D        | Noticed a kraken
   407 | D        | Noticed a yaktaur
   407 | D        | Noticed a hornet
   407 | D        | Noticed a polar bear
   408 | D        | Noticed a polar bear
   408 | D        | Noticed a polar bear
   412 | D        | Killed a yaktaur
   412 | D        | Killed a hornet
   413 | D        | Reached skill level 9 in Conjurations
   413 | D        | Reached XP level 7. HP: 30/41 MP: 2/18
   413 | D        | Killed a polar bear
   413 | D        | Reached * piety under Sif Muna
   413 | D        | Killed a polar bear
   414 | D        | Reached skill level 10 in Conjurations
   414 | D        | Reached XP level 8. HP: 28/46 MP: 2/20
   415 | D        | Killed a polar bear
   555 | D        | Reached ** piety under Sif Muna
   556 | D        | Reached skill level 5 in Hexes
   558 | D        | Reached skill level 11 in Conjurations
   558 | D        | Reached XP level 9. HP: 50/51 MP: 9/21
   631 | D        | Noticed a deep troll
   631 | D        | Noticed a deep troll
   961 | D        | Killed a deep troll
   962 | D        | Reached skill level 10 in Fire Magic
  1000 | D        | Reached *** piety under Sif Muna
  1003 | D        | Slain by a deep troll

Illustrated notes

Levels and vault maps discovered:
D:        the_violet_keep_of_menkaure [sprint2_stairs_cluster_1,
          sprint2_shoproom, sprint2_temple, sprint2_basic_supplies,
          sprint2_obstacle_4, sprint2_obstacle_5, sprint2_obstacle_6,
          sprint2_obstacle_1, sprint2_obstacle_3, sprint2_timed_cluster_1,
          sprint2_smallroom_cluster_1, sprint2_smallroom_final_cluster_1,
          sprint2_transparent_cluster_1, sprint2_second_timed_cluster_1,
          sprint2_sniper_area_1, sprint2_heavy_combat_area_1,
          sprint2_mutation_trap_area_1, sprint2_forest_area_1,
          sprint2_light_combat_area_1, sprint2_behind_water_1,
          sprint2_near_end_vault_1]

Skill      XL: |  1  2  3  4  5  6  7  8  9 |
---------------+----------------------------+-----
Dodging        | 3 4 7 8 |  8.8
Stealth        | 3 4 |  4.3
Spellcasting   | 4 5 7 8 |  8.9
Conjurations   | 3 6 9 10 11 | 11.9
Fire Magic     | 5 6 7 8 9 10 | 10.2
Unarmed Combat | 1 |  1.1
Hexes          | 3 4 5 6 |  6.1

Action                     |  1- 3 |  4- 6 |  7- 9 || total
---------------------------+-------+-------+-------++-------
  Melee: Unarmed           |     3 |     9 |       ||    12
         Constrict         |     2 |     2 |       ||     4
         Tentacles         |     1 |     2 |       ||     3
         Short sword       |       |       |     1 ||     1
   Cast: Foxfire           |     3 |     4 |    33 ||    40
         Scorch            |       |     7 |    11 ||    18
         Inner Flame       |       |     3 |     6 ||     9
         Flame Wave        |       |       |     3 ||     3
    Use: Potion            |     2 |     2 |       ||     4
         Scroll            |       |     6 |       ||     6
 Armour: Skin              |       |    11 |    11 ||    22
  Dodge: Dodged            |     1 |    12 |     4 ||    17

Table legend: (Time is in decaauts)
 A = Elapsed time spent in this place.
 B = Non-inter-level travel time spent in this place.
 C = Inter-level travel time spent in this place.
 D = Time resting spent in this place.
 E = Time spent auto-exploring this place.
 F = Levels seen in this place.
 G = Mean time per level.
                   A        B        C        D        E       F      G
               +--------+--------+--------+--------+--------+-----+--------+
         Total |    992 |    992 |      0 |    531 |      0 |   1 |  992.0 |
       Dungeon |    992 |    992 |      0 |    531 |      0 |   1 |  992.0 |
               +--------+--------+--------+--------+--------+-----+--------+

Top non-repeatable levels by time:
       D: 992 daAuts
